 Dungeon Crawl Stone Soup version 0.30-b1-2-g02819fbbbe (webtiles) character file.

Game seed: 18309559201729996032

487 sanka the Martial Artist (level 7, 0/57 HPs)
             Began as a Meteoran Monk on May 13, 2023.
             Slain by an orc priest
             ... wielding a +0 flail
              (2 damage)
             ... on level 4 of the Dungeon.
             The game lasted 00:11:15 (2186 turns).

sanka the Martial Artist (Meteoran Monk)            Turns: 2186, Time: 00:11:16

Health: 0/57       AC:  5    Str: 11 (12) XL:     7   Next: 63%
Magic:  8/8        EV: 13    Int: 10 (12) God:
Gold:   152        SH:  5    Dex: 16 (19) Spells: 6/6 levels left

rFire   . .          .
                       - Unarmed
rCold   . . .        c - orb {light}
rNeg    . . .        a - +0 robe
rPois   .            (helmet restricted)
rElec   .            v - +2 cloak
rCorr   .            (no gloves)
SInv    .            t - +0 pair of boots
Will    ++...        h - amulet of reflection
Stlth   +            e - ring of willpower
HPRegen 0.29/turn    i - ring of willpower
MPRegen 0.11/turn

%: reflection
@: glowing, invisible (but backlit and visible)
A: sense surroundings 1, otherworldly, glowing, explore regen, horns 1, talons
1, deformed body
a: no special abilities


You were on level 4 of the Dungeon.
You visited 1 branch of the dungeon, and saw 4 of its levels.

You collected 152 gold pieces.

Inventory:

Missiles
 b - 2 throwing nets {=f}
 p - 8 poisoned darts
Armour
 a - a +0 robe (worn)
 c - an orb of light (worn)
 t - a +0 pair of boots (worn)
 v - a +2 cloak (worn)
Jewellery
 d - a ring of fire
 e - a ring of willpower (left hand)
 h - an amulet of reflection (around neck)
 i - a ring of willpower (right hand)
Scrolls
 f - 2 scrolls of teleportation {@r4}
 g - 2 scrolls of blinking {unknown}
 j - a scroll of noise {unknown}
 l - 2 scrolls of identify {unknown}
 m - a scroll of magic mapping {unknown}
 n - a scroll of amnesia {unknown}
 o - 2 scrolls of enchant weapon {unknown}
 u - 2 scrolls of immolation {unknown}
 x - a scroll of fear {unknown}
Potions
 k - a potion of flight
 r - a potion of degeneration {!q}
 s - a potion of heal wounds {unknown}
 w - a potion of resistance {unknown}


   Skills:
 - Level 3.2 Fighting
 - Level 3.6 Dodging
 + Level 9.5 Unarmed Combat


You had 6 spell levels left.
You didn't know any spells.
Your spell library was empty.

Dungeon Overview and Level Annotations

Branches:
Dungeon (4/15) Zot: 234
 Temple: D:4-7

Altars:
Trog

Shops:
D:4 ?:!

Annotations:
D:2 Natasha
D:3 Grinder


Innate Abilities, Weirdness & Mutations

You passively map a small area around you.
You are easily found by Zot.
You glow in the dark.
You regain HP and MP as you explore.
You have a pair of small horns on your head.
You have sharp toenails.
Armour fits poorly on your strangely shaped body.


Message History

The orc wizard misses you.
The orc priest looks encouraged for a moment.
You hit the orc wizard.
The orc wizard is moderately wounded.
The orc priest calls down the wrath of Beogh upon you.
Beogh smites you! The orc wizard casts a spell at you.
The puff of flame hits you!
You are too injured to fight recklessly!
You punch the orc wizard!
You kill the orc wizard!
You hit the orc priest.
The orc priest is moderately wounded.
The orc priest misses you.
You barely miss the orc priest. You headbutt the orc priest.
The orc priest is moderately wounded.
You hit the orc priest.
The orc priest is moderately wounded.
You block the orc priest's attack.
You hit the orc priest.
The orc priest is moderately wounded.
You block the orc's attack.
The orc priest invokes the aid of Beogh against you.
Beogh smites you!
* * * LOW HITPOINT WARNING * * *
You hit the orc priest.
The orc priest is severely wounded.
The orc priest hits you with a +0 flail.
* * * LOW HITPOINT WARNING * * *
You block the orc's attack.
It was a potion of degeneration.
There was something very wrong with that liquid.
You feel weakened.
You feel dopey.
You feel clumsy. The orc priest closely misses you.
The orc hits you with a +0 club.
* * * LOW HITPOINT WARNING * * *
It was a potion of invisibility.
You become transparent, but the glow from your halo and body prevents you from becoming completely invisible.
You block the orc's attack.
The orc priest hits you with a +0 flail.
You die...

..## #..†......... ..#
##...†......# * ..#
##.........### , ...#
##....###...## #..##
##...#####....#
##..####...## #.....#
##........## ##.....##
#.........# ##.oo....#
..........# #..@##...##
.......#...###...###.†.#
.......#....#...##
##...#* , *
.#.....##...#..## ##...#
##..##########.# #...#
##..'..<..∩..'.# .....
##..############ *#.....
, .#........# * .....
........### .....


You could see an orc priest and an orc.

Vanquished Creatures
  A black bear (D:2)
  A scorpion (D:3)
  2 jellies (D:3)
  2 orc priests (D:3)
  An iguana (D:4)
  Terence (D:3)
  An orc wizard (D:4)
  3 adders
  An ufetubus (D:4)
  2 worms
  4 dart slugs
  6 orcs
  6 endoplasms
  5 giant cockroaches
  3 goblins (D:3)
  7 hobgoblins
  4 jackals (D:1)
  5 kobolds
  2 quokkas
  6 ball pythons
  3 bats
  2 rats
68 creatures vanquished.

Notes
Turn   | Place    | Note
-------+----------+-------------------------------------------
     0 | D:1      | sanka the Meteoran Monk began the quest for the Orb.
     0 | D:1      | Reached XP level 1. HP: 19/19 MP: 2/2
    39 | D:1      | Reached skill level 4 in Unarmed Combat
    60 | D:1      | Reached XP level 2. HP: 26/26 MP: 3/3
   345 | D:1      | Reached XP level 3. HP: 29/31 MP: 4/4
   533 | D:2      | Reached skill level 5 in Unarmed Combat
   591 | D:2      | Noticed Natasha
   599 | D:2      | Gained mutation: Armour fits poorly on your strangely
                  | shaped body. [potion of mutation]
   599 | D:2      | Gained mutation: You have a pair of small horns on your
                  | head. [potion of mutation]
   599 | D:2      | Gained mutation: You have sharp toenails. [potion of
                  | mutation]
   706 | D:2      | Reached XP level 4. HP: 36/38 MP: 5/5
   734 | D:2      | Found a faded altar of an unknown god.
   995 | D:3      | Noticed Terence
  1010 | D:3      | Killed Terence
  1011 | D:3      | Reached skill level 6 in Unarmed Combat
  1052 | D:3      | Reached XP level 5. HP: 45/45 MP: 6/6
  1207 | D:3      | Found a bloodstained altar of Trog.
  1298 | D:3      | Reached skill level 7 in Unarmed Combat
  1298 | D:3      | Reached XP level 6. HP: 26/51 MP: 7/7
  1370 | D:3      | Noticed a black bear
  1371 | D:3      | Noticed Grinder
  1444 | D:2      | Killed a black bear
  1445 | D:2      | Reached skill level 8 in Unarmed Combat
  1613 | D:3      | Reached XP level 7. HP: 40/57 MP: 8/8
  1734 | D:3      | Reached skill level 9 in Unarmed Combat
  1960 | D:4      | Found Kewan's Book Shop.
  2051 | D:4      | Found Coacwej's Magic Scroll Boutique.
  2140 | D:4      | Found Xerabixiy's Distillery.
  2185 | D:4      | HP: 2/57 [orc/+0 club (2)]
  2186 | D:4      | Slain by an orc priest

Illustrated notes

Levels and vault maps discovered:
D:1:      lightli_molten_gateway, layout_basic, moated_statue
D:2:      layout_basic, basic_ecumenical_altar, st_stairs_12,
          grunt_decor_arrowhead, uniq_natasha
D:3:      layout_loops_ring, mainiacjoe_overflow_24_doors, minivault_27,
          grunt_ministairs_3, st_stairs_2, kennysheep_generic_room_12,
          uniq_grinder, uniq_terence
D:4:      layout_layer_cave, minmay_temple_entry_stoned_glass, serial_shops,
          shop, nicolae_shop_window_shopping, nicolae_shop_hallway_stairs,
          nicolae_book_shop_shelving

Skill      XL: |  1  2  3  4  5  6  7 |
---------------+----------------------+-----
Unarmed Combat | 4 5 6 7 8 9 |  9.5
Fighting       | |  3.2
Dodging        | |  3.6

Action                     |  1- 3 |  4- 6 |  7- 9 || total
---------------------------+-------+-------+-------++-------
  Melee: Unarmed           |    78 |    71 |    43 ||   192
         Kick              |     3 |    13 |       ||    16
         Headbutt          |     3 |    18 |    11 ||    32
    Use: Potion            |     4 |       |     2 ||     6
         Scroll            |     1 |       |       ||     1
 Armour: Robe              |    16 |     6 |     6 ||    28
  Dodge: Dodged            |    34 |    41 |    15 ||    90
  Block: Orb               |       |    11 |    10 ||    21
         Reflection        |       |     1 |       ||     1
